 Dungeon Crawl Stone Soup version 0.30-b1-2-g02819fbbbe (webtiles) character file.

Game seed: 12815375782899971172

851 Fartwhistle the Changer (level 8, -5/48 HPs)
             Began as an Octopode Transmuter on May 25, 2023.
             Was a Follower of Cheibriados.
             Killed by divine providence
             ... invoked by an orc priest
              (11 damage)
             ... on level 5 of the Dungeon.
             The game lasted 00:12:04 (3819 turns).

Fartwhistle the Changer (Octopode Transmuter)       Turns: 3819, Time: 00:12:08

Health: -5/48      AC:  1    Str: 12    XL:     8   Next: 1%
Magic:  23/23      EV: 13    Int: 20    God:    Cheibriados [*.....]
Gold:   163        SH:  0    Dex: 16    Spells: 11/15 levels left

rFire   . .          .
                       - Unarmed
rCold   . . .        (no shield)
rNeg    . . .        (helmet restricted)
rPois   .            g - amulet of regeneration
rElec   .            s - ring of magical power
rCorr   .            (no ring)
SInv    .            (no ring)
Will    .....        (no ring)
Stlth   ++           (no ring)
HPRegen 1.08/turn    (no ring)
MPRegen 0.18/turn    (no ring)
                     (no ring)

%: no passive effects
@: flying, very slow
A: almost no armour, amphibious, 8 rings, camouflage 1, gelatinous body 1,
(nimble swimmer 1), tentacles
a: Renounce Religion, Bend Time


You were on level 5 of the Dungeon.
You worshipped Cheibriados.
Cheibriados was aware of your devotion.
You visited 1 branch of the dungeon, and saw 5 of its levels.

You collected 241 gold pieces.
You spent 78 gold pieces at shops.

Inventory:

Jewellery
 g - an amulet of regeneration (around mantle)
 s - a ring of magical power (left tentacle)
Wands
 t - a wand of roots (8)
Scrolls
 h - a scroll of teleportation {unknown}
 i - a scroll of magic mapping {unknown}
 j - a scroll of fog {unknown}
 k - 2 scrolls of enchant weapon {unknown}
 l - a scroll of brand weapon {unknown}
 m - a scroll of torment {unknown}
 n - a scroll of amnesia {unknown}
 o - 2 scrolls of identify {unknown}
 p - a scroll of immolation {unknown}
 q - 2 scrolls of enchant armour {unknown}
 u - a scroll of silence {unknown}
Potions
 c - a potion of haste {unknown}
 d - a potion of experience {unknown}
 f - a potion of mutation {unknown}
 r - a potion of resistance {unknown}


   Skills:
 - Level 1.6 Fighting
 - Level 2.4 Dodging
 - Level 3.2 Unarmed Combat
 + Level 4.4 Spellcasting
 * Level 6.3 Transmutations
 + Level 4.2 Poison Magic


You had 11 spell levels left.
You knew the following spells:

 Your Spells              Type           Power      Damage    Failure   Level
a - Beastly Appendage     Tmut           58%        N/A       1%          1
b - Spider Form           Tmut/Pois      25%        N/A       4%          3

Your spell library contained the following spells:

 Spells                   Type           Power      Damage    Failure   Level
 Wereblood                Tmut           29%        N/A       1%          2
 Necrotise                Necr           16%        1d4       12%         1
 Ice Form                 Ice/Tmut       17%        N/A       32%         4
 Call Canine Familiar     Summ           4%         N/A       36%         3
 Portal Projectile        Hex/Tloc       8%         N/A       36%         3
 Vampiric Draining        Necr           4%         2d6       36%         3
 Animate Dead             Necr           4%         N/A       77%         4
 Leda's Liquefaction      Hex/Erth       2%         N/A       77%         4
 Agony                    Necr           4%         N/A       98%         5
 Borgnjor's Vile Clutch   Necr/Erth      2%         N/A       98%         5
 Death Channel            Necr           2%         N/A       100%        6


Dungeon Overview and Level Annotations

Branches:
Dungeon (5/15)             Temple (0/1) D:5

Altars:
Ashenzari
Cheibriados
Gozag
Ru
Sif Muna
Uskayaw
Vehumet
Xom

Shops:
D:3 !

Annotations:
D:3 2 transporters, eelars's ghost, amateur HOFi
D:4 2 transporters
D:5 Eustachio


Innate Abilities, Weirdness & Mutations

You cannot wear most types of armour.
You are amphibious.
You can wear up to eight rings at the same time.
Your skin changes colour to match your surroundings (Stealth+).
Your rubbery body absorbs attacks. (AC +1, EV +1)
((You are camouflaged when in or above water. (Stealth+)))
You have tentacles for arms and can constrict up to eight enemies at once.


Message History

Okay, then.
Aiming: Fastroot
Press: ? - help, Shift-Dir - straight line, f - adder
Aim: an adder The roots erupt in riotous growth!
Roots grab the adder.
Roots grab the orc priest.
Roots grab the orc.
The grasping roots constrict the adder.
The grasping roots constrict the orc.
The grasping roots constrict the orc priest.
You hear a shout!
The adder bites you. The adder bites you but does no damage.
Eustachio the Magnificent comes into view.
He is wielding a +0 rapier and wearing a +2 leather armour of poison resistance.
The grasping roots constrict the adder.
The grasping roots constrict the orc!
You kill the orc!
Cheibriados appreciates the change of pace.
The grasping roots constrict the orc priest.
The roots release their grip on the adder.
The roots release their grip on the orc priest.
You see here a killer bee corpse.
The adder attacks as you move away! The adder closely misses you.
The adder misses you.
The orc priest calls down the wrath of Beogh upon you.
Beogh smites you!
* * * LOW HITPOINT WARNING * * *
Aiming: Fastroot
Press: ? - help, Shift-Dir - straight line, f/p - adder
Aim: an adder (severely wounded)
The roots erupt in riotous growth!
Roots grab the adder.
The grasping roots constrict the adder.
You kill the adder!
Cheibriados thoroughly appreciates the change of pace.
The orc priest invokes the aid of Beogh against you.
Something writhes in agony.
It was a potion of flight.
You feel very buoyant.
You fly up into the air.
Something hits you.
* * * LOW HITPOINT WARNING * * *
The orc priest mumbles some strange prayers to Beogh against you.
Beogh smites you!
You die...

............
.............#
.............#
.............#
.............#
.............#
.............#
.............########
............o..{@...#
.............######.#
.............# #.##
#######
.............#
#..####......#
.............#
##...~~~.....#
.####....###.#
##.~~~~~....# .
##..## #.#
###§§§~~~~...#


♣PPPP #.# #<#~§~§~§~...# ♣♣P♣.♣ .# #..†~~~~~~#... You could see an orc priest.

Vanquished Creatures
  A water moccasin (D:5)
  An ice beast (D:5)
  A phantom (D:4)
  A scorpion (D:4)
  5 killer bees (D:5)
  A jelly (D:4)
  Terence (D:2)
  3 iguanas
  7 adders
  An ufetubus (D:4)
  A worm (D:4)
  2 dart slugs (D:1)
  8 orcs
  8 ball pythons
  4 bats
  6 endoplasms
  5 giant cockroaches
  9 goblins
  6 hobgoblins
  4 quokkas
  A frilled lizard (D:1)
  8 kobolds
  7 rats
91 creatures vanquished.

Notes
Turn   | Place    | Note
-------+----------+-------------------------------------------
     0 | D:1      | Fartwhistle the Octopode Transmuter began the quest for the
                  | Orb.
     0 | D:1      | Reached XP level 1. HP: 13/13 MP: 3/3
   181 | D:1      | Reached XP level 2. HP: 18/18 MP: 1/5
   508 | D:1      | Reached XP level 3. HP: 21/23 MP: 6/6
   855 | D:2      | Learned a level 3 spell: Spider Form
   989 | D:2      | Noticed Terence
  1167 | D:2      | Killed Terence
  1168 | D:2      | Reached skill level 3 in Transmutations
  1168 | D:2      | Reached XP level 4. HP: 19/28 MP: 4/7
  1913 | D:3      | Noticed eelars's ghost (amateur HOFi)
  1913 | D:3      | Found a transporter.
  1913 | D:3      | Found a transporter.
  2042 | D:3      | Reached XP level 5. HP: 31/33 MP: 6/9
  2142 | D:3      | Reached skill level 1 in Poison Magic
  2161 | D:3      | Found Weischyir's Distillery.
  2170 | D:3      | Bought a potion of curing for 39 gold pieces
  2170 | D:3      | Bought a potion of lignification for 39 gold pieces
  2328 | D:3      | Found a hide-covered altar of Uskayaw.
  2331 | D:3      | Found an opulent altar of Gozag.
  2332 | D:3      | Found a broken altar of Ashenzari.
  2333 | D:3      | Found a snail-covered altar of Cheibriados.
  2333 | D:3      | Found a shimmering blue altar of Sif Muna.
  2334 | D:3      | Found a shimmering altar of Xom.
  2337 | D:3      | Found a radiant altar of Vehumet.
  2339 | D:3      | Found a sacrificial altar of Ru.
  2739 | D:3      | Became a worshipper of Cheibriados the Contemplative
  2750 | D:4      | Found a transporter.
  3005 | D:4      | Reached skill level 4 in Transmutations
  3055 | D:4      | Reached XP level 6. HP: 22/38 MP: 11/11
  3208 | D:4      | Reached * piety under Cheibriados
  3372 | D:4      | Found a transporter.
  3570 | D:5      | Entered Level 5 of the Dungeon
  3571 | D:5      | Found a staircase to the Ecumenical Temple.
  3576 | D:5      | Noticed a water moccasin
  3595 | D:5      | Killed a water moccasin
  3596 | D:5      | Reached skill level 5 in Transmutations
  3596 | D:5      | Reached XP level 7. HP: 18/43 MP: 12/12
  3750 | D:5      | Reached skill level 6 in Transmutations
  3767 | D:5      | Reached XP level 8. HP: 44/48 MP: 14/14
  3815 | D:5      | Noticed Eustachio
  3819 | D:5      | Killed from afar by an orc priest

Illustrated notes

Levels and vault maps discovered:
D:1:      minmay_arrival_glassed_features, layout_basic
D:2:      layout_loops_ring, st_stairs_6, minmay_domino_4, uniq_terence
D:3:      layout_basic, minitemple, gammafunk_ghost_smash, serial_shops, shop
D:4:      gammafunk_steamed_eel, layout_basic
D:5:      layout_basic, minmay_temple_entry_mist, uniq_crazy_yiuf_cottage,
          uniq_eustachio

Skill      XL: |  1  2  3  4  5  6  7 |
---------------+----------------------+-----
Transmutations | 3 4 5 6 |  6.3
Spellcasting   | 3 4 |  4.4
Poison Magic   | 2 3 4 |  4.2
Fighting       | |  1.6
Dodging        | |  2.4
Unarmed Combat | |  3.2

Action                     |  1- 3 |  4- 6 |  7- 9 || total
---------------------------+-------+-------+-------++-------
  Melee: Unarmed           |    84 |   143 |    28 ||   255
         Constrict         |    21 |    27 |     1 ||    49
         Kick              |    10 |    13 |     4 ||    27
         Tentacles         |    19 |    22 |       ||    41
         Punch             |     1 |     4 |     1 ||     6
   Cast: Beastly Appendage |     8 |     7 |     1 ||    16
         Spider Form       |     1 |     5 |     2 ||     8
  Evoke: Wand              |       |       |     2 ||     2
    Use: Potion            |       |     1 |     4 ||     5
   Stab: Sleeping          |     5 |     6 |       ||    11
         Distracted        |       |     1 |       ||     1
 Armour: Skin              |     9 |    18 |    11 ||    38
  Dodge: Dodged            |    42 |    80 |    36 ||   158
